General information
- name: BNet
- type: Ladder team game (AT/RT)
- host: Battle.net
- saver: mmmmmmmmm.mata
map: FullScaleAssault
- players: 8
- length: 20:51
- speed: Fast
- version: 1.24 W3XP
- replay type: Public
» download(212 KB)
Players
team 1 (winner)
blinn (
yellow | 96 APM | 1992 actions | 20:51)
3 Warden
2 Shadow Strike
1 Blink
» actions
| Assign group hotkey | 338 | |
| Basic commands | 2 | |
| Build / train | 64 | |
| Enter build submenu | 14 | |
| Enter hero's abilities submenu | 3 | |
| Right click | 951 | |
| Select / deselect | 161 | |
| Select group hotkey | 386 | |
| Use ability | 73 | |
1992 total
» units
| Wisp | 43 | |
| Goblin Zeppelin | 1 | |
| Hippogryph | 5 | |
49 total
» buildings
| Altar of Elders | 1 | |
| Moon Well | 4 | |
| Tree of Ages | 4 | |
| Hunter's Hall | 2 | |
| Tree of Life | 3 | |
| Ancient of Wind | 2 | |
16 total
» build order
00:06 Altar of Elders
00:24 Moon Well
02:28 Moon Well
05:11 Tree of Ages
05:11 Tree of Ages
06:42 Moon Well
06:43 Hunter's Hall
09:53 Tree of Life
10:21 Moon Well
12:50 Tree of Life
15:15 Tree of Ages
15:55 Tree of Life
18:07 Ancient of Wind
18:11 Ancient of Wind
19:42 Hunter's Hall
» items
| Boots of Speed | 1 | |
| Potion of Healing | 2 | |
| Staff of Teleportation | 1 | |
| Orb of Lightning | 1 | |
| Lesser Clarity Potion | 1 | |
6 total
Gobiner (
red | 49 APM | 1016 actions | 20:51)
5 Blademaster
3 Wind Walk
2 Critical Strike
» actions
| Assign group hotkey | 7 | |
| Basic commands | 7 | |
| Build / train | 68 | |
| ESC pressed | 2 | |
| Enter build submenu | 40 | |
| Enter hero's abilities submenu | 5 | |
| Give item / drop item | 9 | |
| Right click | 443 | |
| Select / deselect | 122 | |
| Select group hotkey | 213 | |
| Use ability | 100 | |
1016 total
» units
» upgrades
| Spiked Barricades | 1 | |
| Ranged Weapons | 3 | |
| Liquid Fire | 1 | |
| Reinforced Defenses | 1 | |
| Armor | 1 | |
7 total
» buildings
| Altar of Storms | 1 | |
| Orc Burrow | 5 | |
| War Mill | 1 | |
| Watch Tower | 27 | |
| Voodoo Lounge | 4 | |
| Stronghold | 1 | |
| Fortress | 1 | |
| Beastiary | 3 | |
| Great Hall | 1 | |
| Barracks | 1 | |
45 total
» build order
00:07 Altar of Storms
00:16 Orc Burrow
00:28 War Mill
01:38 Orc Burrow
02:08 Watch Tower
02:24 Voodoo Lounge
02:41 Watch Tower
03:17 Voodoo Lounge
05:12 Watch Tower
05:13 Watch Tower
05:35 Watch Tower
05:36 Watch Tower
05:49 Watch Tower
06:24 Stronghold
07:25 Watch Tower
07:25 Watch Tower
07:27 Watch Tower
07:28 Watch Tower
07:29 Watch Tower
07:30 Watch Tower
08:41 Watch Tower
08:42 Watch Tower
08:44 Watch Tower
09:08 Watch Tower
09:13 Watch Tower
09:57 Watch Tower
09:58 Watch Tower
09:58 Watch Tower
10:09 Fortress
11:10 Voodoo Lounge
11:16 Watch Tower
11:18 Watch Tower
12:19 Watch Tower
12:32 Beastiary
12:33 Beastiary
12:35 Orc Burrow
12:36 Orc Burrow
12:55 Watch Tower
12:56 Watch Tower
13:44 Voodoo Lounge
14:00 Beastiary
14:03 Orc Burrow
14:30 Great Hall
15:20 Watch Tower
17:31 Barracks
» items
| Boots of Speed | 1 | |
| Staff of Teleportation | 1 | |
| Circlet of Nobility | 1 | |
| Healing Salve | 3 | |
| Lesser Clarity Potion | 5 | |
| Scroll of Speed | 1 | |
| Orb of Lightning | 1 | |
| Potion of Mana | 2 | |
| Potion of Healing | 1 | |
16 total
mmmmmmmmm.mata (
teal | 133 APM | 2773 actions | 20:51)
3 Archmage
2 Summon Water Elemental
1 Brilliance Aura
» actions
| Assign group hotkey | 257 | |
| Basic commands | 32 | |
| Build / train | 222 | |
| Enter build submenu | 115 | |
| Enter hero's abilities submenu | 3 | |
| Right click | 1291 | |
| Select / deselect | 607 | |
| Select group hotkey | 24 | |
| Use ability | 220 | |
2773 total
» units
| Peasant | 37 | |
| Goblin Zeppelin | 1 | |
38 total
» upgrades
| Masonry | 2 | |
| Lumber Harvesting | 1 | |
3 total
» buildings
| Altar of Kings | 1 | |
| Farm | 3 | |
| Lumber Mill | 1 | |
| Scout Tower | 115 | |
| Arcane Tower | 6 | |
| Guard Tower | 165 | |
| Town Hall | 1 | |
| Keep | 1 | |
293 total
» build order
00:04 Altar of Kings
00:32 Farm
00:40 Lumber Mill
01:09 Scout Tower
01:09 Scout Tower
01:18 Farm
01:35 Arcane Tower
01:35 Arcane Tower
01:37 Scout Tower
01:37 Scout Tower
01:43 Guard Tower
01:43 Guard Tower
01:43 Guard Tower
02:05 Scout Tower
02:05 Scout Tower
02:09 Guard Tower
02:09 Guard Tower
02:25 Scout Tower
02:30 Guard Tower
02:30 Guard Tower
02:34 Arcane Tower
02:35 Guard Tower
02:42 Guard Tower
02:43 Guard Tower
02:43 Guard Tower
03:11 Scout Tower
03:27 Scout Tower
03:27 Scout Tower
03:43 Guard Tower
03:44 Scout Tower
03:45 Scout Tower
03:56 Guard Tower
03:56 Guard Tower
03:57 Guard Tower
04:04 Farm
04:16 Scout Tower
04:17 Scout Tower
04:25 Guard Tower
04:26 Scout Tower
04:26 Scout Tower
04:42 Scout Tower
04:43 Scout Tower
04:54 Guard Tower
04:55 Guard Tower
04:55 Guard Tower
04:55 Guard Tower
04:56 Scout Tower
05:11 Guard Tower
05:24 Guard Tower
05:26 Scout Tower
05:28 Scout Tower
05:59 Scout Tower
05:59 Scout Tower
06:00 Guard Tower
06:00 Guard Tower
06:05 Guard Tower
06:07 Scout Tower
06:07 Scout Tower
06:19 Scout Tower
06:19 Scout Tower
06:19 Scout Tower
06:39 Scout Tower
06:39 Scout Tower
06:39 Scout Tower
06:43 Scout Tower
06:47 Guard Tower
06:48 Guard Tower
06:48 Guard Tower
06:48 Guard Tower
06:48 Guard Tower
06:49 Guard Tower
06:49 Guard Tower
07:15 Guard Tower
07:15 Guard Tower
07:16 Scout Tower
07:16 Scout Tower
07:38 Scout Tower
07:39 Scout Tower
07:50 Guard Tower
07:50 Guard Tower
07:51 Scout Tower
08:04 Guard Tower
08:04 Guard Tower
08:05 Guard Tower
08:08 Scout Tower
08:27 Guard Tower
08:27 Guard Tower
08:29 Scout Tower
08:29 Scout Tower
08:35 Guard Tower
08:36 Guard Tower
08:36 Scout Tower
09:01 Guard Tower
09:02 Guard Tower
09:02 Guard Tower
09:03 Scout Tower
09:06 Scout Tower
09:07 Scout Tower
09:28 Guard Tower
09:31 Guard Tower
09:35 Scout Tower
09:38 Scout Tower
10:02 Guard Tower
10:02 Guard Tower
10:06 Guard Tower
10:06 Guard Tower
10:19 Scout Tower
10:20 Scout Tower
10:20 Scout Tower
10:24 Scout Tower
10:26 Scout Tower
10:32 Guard Tower
10:35 Scout Tower
10:42 Guard Tower
10:42 Guard Tower
10:51 Guard Tower
10:52 Guard Tower
10:52 Guard Tower
10:52 Guard Tower
10:53 Guard Tower
10:56 Scout Tower
10:58 Scout Tower
10:58 Scout Tower
11:10 Guard Tower
11:10 Guard Tower
11:28 Guard Tower
11:28 Guard Tower
11:31 Scout Tower
11:32 Scout Tower
11:33 Scout Tower
11:33 Guard Tower
11:33 Guard Tower
11:34 Guard Tower
11:48 Town Hall
12:04 Guard Tower
12:13 Scout Tower
12:14 Scout Tower
12:28 Scout Tower
12:29 Scout Tower
12:43 Guard Tower
12:43 Guard Tower
12:43 Guard Tower
12:52 Guard Tower
12:53 Guard Tower
12:58 Guard Tower
12:58 Guard Tower
12:59 Guard Tower
13:12 Guard Tower
13:12 Guard Tower
13:18 Scout Tower
13:20 Scout Tower
13:28 Scout Tower
13:29 Scout Tower
13:55 Guard Tower
13:55 Guard Tower
13:56 Guard Tower
14:40 Scout Tower
14:41 Scout Tower
14:42 Scout Tower
14:43 Scout Tower
14:47 Keep
14:53 Scout Tower
15:12 Scout Tower
15:13 Scout Tower
15:13 Scout Tower
15:14 Scout Tower
15:35 Scout Tower
15:37 Scout Tower
15:38 Scout Tower
15:54 Guard Tower
16:04 Guard Tower
16:06 Scout Tower
16:07 Scout Tower
16:08 Scout Tower
16:09 Guard Tower
16:13 Guard Tower
16:15 Guard Tower
16:23 Scout Tower
16:23 Scout Tower
16:24 Scout Tower
16:24 Scout Tower
16:32 Scout Tower
16:32 Scout Tower
16:33 Scout Tower
16:35 Scout Tower
16:39 Scout Tower
16:42 Guard Tower
16:42 Guard Tower
16:50 Scout Tower
16:59 Guard Tower
16:59 Guard Tower
17:02 Guard Tower
17:16 Scout Tower
17:17 Scout Tower
17:17 Scout Tower
17:18 Scout Tower
17:19 Scout Tower
17:23 Guard Tower
17:25 Guard Tower
17:33 Guard Tower
17:56 Guard Tower
17:56 Guard Tower
17:57 Scout Tower
17:58 Scout Tower
17:58 Scout Tower
18:08 Scout Tower
18:08 Scout Tower
18:09 Scout Tower
18:09 Scout Tower
18:42 Guard Tower
18:43 Guard Tower
18:43 Guard Tower
18:44 Guard Tower
18:44 Guard Tower
18:44 Guard Tower
18:49 Scout Tower
18:49 Scout Tower
18:51 Guard Tower
19:04 Scout Tower
19:05 Scout Tower
19:08 Scout Tower
19:10 Scout Tower
19:10 Scout Tower
19:10 Scout Tower
19:34 Guard Tower
19:38 Scout Tower
19:39 Scout Tower
19:40 Scout Tower
20:05 Guard Tower
20:05 Guard Tower
20:06 Guard Tower
20:15 Guard Tower
» items
| Staff of Teleportation | 1 | |
| Healing Salve | 1 | |
| Lesser Clarity Potion | 1 | |
3 total

»
timg4strok (
purple | 163 APM | 3405 actions | 20:50)
6 Death Knight
3 Death Coil
3 Unholy Aura
5 Lich
3 Frost Nova
2 Frost Armor
» actions
| Assign group hotkey | 24 | |
| Basic commands | 75 | |
| Build / train | 63 | |
| ESC pressed | 1 | |
| Enter build submenu | 22 | |
| Enter hero's abilities submenu | 11 | |
| Give item / drop item | 1 | |
| Right click | 1505 | |
| Select / deselect | 280 | |
| Select group hotkey | 1326 | |
| Use ability | 97 | |
3405 total
» units
| Acolyte | 2 | |
| Ghoul | 2 | |
| Crypt Fiend | 7 | |
| Obsidian Statue | 2 | |
| Frost Wyrm | 8 | |
21 total
» upgrades
| Creature Attack | 3 | |
| Web | 1 | |
| Burrow | 1 | |
| Freezing Breath | 1 | |
| Creature Carapace | 2 | |
8 total
» buildings
| Crypt | 1 | |
| Altar of Darkness | 1 | |
| Ziggurat | 7 | |
| Graveyard | 2 | |
| Tomb of Relics | 1 | |
| Halls of the Dead | 2 | |
| Nerubian Tower | 2 | |
| Spirit Tower | 4 | |
| Slaughterhouse | 1 | |
| Black Citadel | 1 | |
| Sacrificial Pit | 1 | |
| Boneyard | 2 | |
| Necropolis | 2 | |
27 total
» build order
00:10 Crypt
00:11 Altar of Darkness
00:32 Ziggurat
00:56 Graveyard
01:00 Graveyard
01:34 Ziggurat
01:48 Tomb of Relics
02:48 Halls of the Dead
02:49 Halls of the Dead
03:20 Nerubian Tower
03:20 Nerubian Tower
04:14 Ziggurat
05:14 Spirit Tower
05:17 Slaughterhouse
06:23 Black Citadel
07:31 Spirit Tower
07:34 Ziggurat
08:32 Spirit Tower
08:54 Sacrificial Pit
10:07 Boneyard
10:10 Boneyard
12:21 Ziggurat
12:38 Ziggurat
12:40 Necropolis
12:45 Necropolis
14:56 Spirit Tower
20:39 Ziggurat
» items
| Rod of Necromancy | 1 | |
| Potion of Mana | 1 | |
| Orb of Corruption | 1 | |
| Dust of Appearance | 1 | |
| Scroll of Town Portal | 2 | |
| Potion of Healing | 2 | |
| Lesser Clarity Potion | 1 | |
| Healing Salve | 1 | |
10 total
team 2 (loser)
darkwasp (
pink | 130 APM | 2684 actions | 20:39)
4 Blademaster
2 Wind Walk
2 Critical Strike
2 Beastmaster
1 Summon Quilbeast
1 Summon Hawk
» actions
| Assign group hotkey | 1125 | |
| Basic commands | 14 | |
| Build / train | 50 | |
| Enter build submenu | 17 | |
| Enter hero's abilities submenu | 6 | |
| Remove unit from queue | 1 | |
| Right click | 905 | |
| Select / deselect | 272 | |
| Select group hotkey | 174 | |
| Use ability | 119 | |
2684 total
» units
| Peon | 10 | |
| Grunt | 8 | |
| Raider | 2 | |
| Wind Rider | 3 | |
| Goblin Zeppelin | 1 | |
| Demolisher | 4 | |
28 total
» upgrades
| Berserker Strength | 1 | |
| Ensnare | 1 | |
| Armor | 1 | |
| Envenomed Spears | 1 | |
4 total
» buildings
| Altar of Storms | 1 | |
| Orc Burrow | 8 | |
| Barracks | 1 | |
| Voodoo Lounge | 1 | |
| Stronghold | 1 | |
| Beastiary | 2 | |
| War Mill | 1 | |
| Fortress | 1 | |
| Watch Tower | 2 | |
18 total
» build order
00:11 Altar of Storms
00:19 Orc Burrow
00:52 Barracks
01:48 Orc Burrow
02:12 Voodoo Lounge
03:36 Stronghold
03:46 Orc Burrow
04:43 Orc Burrow
06:13 Beastiary
06:15 Beastiary
08:40 Orc Burrow
08:42 Orc Burrow
12:36 War Mill
13:05 Orc Burrow
13:43 Fortress
15:39 Orc Burrow
15:43 Watch Tower
15:46 Watch Tower
» items
| Healing Salve | 1 | |
| Lesser Clarity Potion | 1 | |
| Scroll of Speed | 1 | |
| Scroll of Town Portal | 1 | |
4 total
DWADE2BULLS2010 (
blue | 73 APM | 1528 actions | 20:50)
4 Demon Hunter
2 Mana Burn
2 Evasion
» actions
| Assign group hotkey | 17 | |
| Basic commands | 49 | |
| Build / train | 61 | |
| Enter build submenu | 10 | |
| Enter hero's abilities submenu | 4 | |
| Remove unit from queue | 2 | |
| Right click | 826 | |
| Select / deselect | 214 | |
| Select group hotkey | 289 | |
| Use ability | 56 | |
1528 total
» units
| Wisp | 20 | |
| Huntress | 11 | |
| Goblin Zeppelin | 1 | |
| Dryad | 4 | |
| Glaive Thrower | 1 | |
37 total
» upgrades
| Ultravision | 1 | |
| Strength of the Moon | 1 | |
| Moon Armor | 1 | |
| Sentinel | 1 | |
| Vorpal Blades | 1 | |
| Abolish Magic | 1 | |
6 total
» buildings
| Altar of Elders | 1 | |
| Moon Well | 4 | |
| Ancient of War | 2 | |
| Hunter's Hall | 1 | |
| Tree of Ages | 1 | |
| Tree of Eternity | 1 | |
| Ancient of Lore | 1 | |
11 total
» build order
00:11 Altar of Elders
00:15 Moon Well
02:00 Ancient of War
02:04 Ancient of War
02:16 Hunter's Hall
02:23 Moon Well
03:47 Moon Well
03:51 Moon Well
07:39 Tree of Ages
14:42 Tree of Eternity
15:12 Ancient of Lore
» items
| Scroll of Town Portal | 1 | |
| Potion of Invisibility | 4 | |
| Potion of Lesser Invulnerability | 1 | |
| Staff of Teleportation | 1 | |
7 total
OmegaClassPilot (
orange | 51 APM | 1056 actions | 20:44)
3 Blademaster
2 Critical Strike
1 Wind Walk
2 Shadow Hunter
1 Healing Wave
1 Hex
» actions
| Assign group hotkey | 17 | |
| Basic commands | 1 | |
| Build / train | 60 | |
| Enter build submenu | 20 | |
| Enter hero's abilities submenu | 5 | |
| Give item / drop item | 4 | |
| Right click | 634 | |
| Select / deselect | 180 | |
| Select group hotkey | 84 | |
| Use ability | 51 | |
1056 total
» units
| Peon | 16 | |
| Grunt | 10 | |
| Raider | 5 | |
| Kodo Beast | 2 | |
| Troll Batrider | 2 | |
35 total
» upgrades
| Ensnare | 1 | |
| Pillage | 1 | |
| Shaman Training | 2 | |
| Berserker Strength | 1 | |
| War Drums Damage Increase | 1 | |
| Liquid Fire | 1 | |
7 total
» buildings
| Orc Burrow | 6 | |
| Altar of Storms | 1 | |
| Barracks | 1 | |
| Voodoo Lounge | 1 | |
| War Mill | 1 | |
| Stronghold | 1 | |
| Beastiary | 3 | |
| Watch Tower | 3 | |
| Spirit Lodge | 2 | |
| Fortress | 1 | |
| Great Hall | 1 | |
21 total
» build order
00:07 Orc Burrow
00:13 Altar of Storms
00:36 Barracks
01:45 Orc Burrow
02:21 Voodoo Lounge
04:35 War Mill
04:42 Orc Burrow
05:12 Stronghold
05:55 Orc Burrow
07:39 Beastiary
07:43 Beastiary
07:49 Watch Tower
07:53 Watch Tower
09:26 Beastiary
09:31 Watch Tower
09:47 Orc Burrow
10:35 Spirit Lodge
12:27 Spirit Lodge
12:44 Fortress
14:22 Great Hall
14:57 Orc Burrow
» items
| Healing Salve | 2 | |
| Orb of Lightning | 1 | |
| Potion of Lesser Invulnerability | 1 | |
| Circlet of Nobility | 1 | |
| Boots of Speed | 1 | |
| Dust of Appearance | 1 | |
| Periapt of Vitality | 1 | |
| Scroll of Healing | 1 | |
9 total
RIDICULOUS_ (
green | 85 APM | 1758 actions | 20:37)
4 Dark Ranger
2 Black Arrow
2 Silence
» actions
| Assign group hotkey | 24 | |
| Basic commands | 99 | |
| Build / train | 46 | |
| ESC pressed | 4 | |
| Enter build submenu | 26 | |
| Enter hero's abilities submenu | 4 | |
| Right click | 777 | |
| Select / deselect | 325 | |
| Select group hotkey | 400 | |
| Use ability | 53 | |
1758 total
» units
| Wisp | 20 | |
| Huntress | 6 | |
| Chimaera | 7 | |
| Hippogryph | 1 | |
| Archer | 1 | |
| Goblin Zeppelin | 1 | |
36 total
» upgrades
| Strength of the Wild | 1 | |
| Corrosive Breath | 1 | |
2 total
» buildings
| Hunter's Hall | 1 | |
| Moon Well | 6 | |
| Ancient of War | 2 | |
| Altar of Elders | 1 | |
| Tree of Ages | 1 | |
| Tree of Eternity | 1 | |
| Ancient of Wind | 1 | |
| Ancient Protector | 5 | |
| Chimaera Roost | 2 | |
| Ancient of Wonders | 1 | |
| Tree of Life | 2 | |
23 total
» build order
00:07 Hunter's Hall
00:18 Moon Well
01:16 Ancient of War
01:34 Altar of Elders
02:12 Ancient of War
03:00 Moon Well
04:13 Moon Well
04:58 Tree of Ages
06:34 Moon Well
07:35 Tree of Eternity
07:45 Ancient of Wind
08:44 Ancient Protector
08:45 Ancient Protector
08:46 Ancient Protector
08:54 Ancient Protector
10:16 Chimaera Roost
10:39 Chimaera Roost
12:26 Ancient of Wonders
13:19 Moon Well
14:45 Moon Well
16:52 Tree of Life
16:53 Ancient Protector
16:56 Tree of Life
» items
Chat log
(14:55 / Allies) mmmmmmmmm.mata: disced from vent HODL
(15:01 / Allies) timg4strok: g0ld
(15:32 / Allies) mmmmmmmmm.mata: cant reconnect
(15:37 / Allies) blinn: fuhgetaboutit
(15:43 / Allies) mmmmmmmmm.mata: kodo
(15:44 / Allies) blinn: -chris tandoi, the sopranos, 2006
(17:12 / Allies) mmmmmmmmm.mata: zeps
(17:35 / Allies) mmmmmmmmm.mata: they zeppin n steppin
(18:37 / Allies) mmmmmmmmm.mata: ahh illus
(19:44 / All) DWADE2BULLS2010: ww dh
(19:46 / Allies) Gobiner: gold please
(20:46 / All) mmmmmmmmm.mata: G_G
(20:48 / All) Gobiner: 2ez